 Dungeon Crawl Stone Soup version 0.26-a0-739-gf55cbd344a (webtiles) character file.

Game seed: 8511009925793139329

2458 mhtbhm the Cleaver (level 9, -5/118 HPs)
             Began as a Minotaur Berserker on Nov 5, 2020.
             Was an Elder of Trog.
             Slain by a two-headed ogre
             ... wielding a cursed -3 giant club
              (13 damage)
             ... on level 7 of the Dungeon.
             The game lasted 00:08:17 (5484 turns).

mhtbhm the Cleaver (Minotaur Berserker)             Turns: 5484, Time: 00:08:18

Health: -5/118     AC: 11    Str: 25    XL:     9   Next: 26%
Magic:  8/8        EV: 13    Int:  4    God:    Trog [****..]
Gold:   486        SH:  5    Dex: 16    Spells: 8/8 levels left

rFire    . . .     SeeInvis +   a - +3 battleaxe (freeze) (curse)
rCold    + . .     Faith    .   (shield currently unavailable)
rNeg     . . .     Spirit   .   b - +2 scale mail {rC+}
rPois    .         Reflect  +   (helmet restricted)
rElec    .         Harm     .   (no cloak)
rCorr    .         Rampage  .   g - +0 pair of gloves
MR       .....                  (no boots)
Stlth    ..........             r - amulet of reflection
HPRegen  0.29/turn              n - ring of see invisible
MPRegen  0.11/turn              q - +6 ring of dexterity

@: berserking (expiring), very quick
A: retaliatory headbutt, horns 2
a: Berserk, Trog's Hand, Brothers in Arms, Renounce Religion


You were on level 7 of the Dungeon.
You worshipped Trog.
Trog was greatly pleased with you.
You visited 1 branch of the dungeon, and saw 7 of its levels.

You collected 486 gold pieces.

Inventory:

Hand Weapons
 a - a cursed +3 battleaxe of freezing (weapon)
Armour
 b - a +2 scale mail of cold resistance (worn)
 g - a +0 pair of gloves (worn)
Jewellery
 e - an uncursed ring of flight
 i - an uncursed amulet of faith {unknown}
 n - a ring of see invisible (left hand)
 q - a +6 ring of dexterity (right hand)
 r - an amulet of reflection (around neck)
 v - a cursed ring of teleportation {unknown}
Wands
 c - a wand of random effects (15)
 p - a wand of enslavement (8)
Scrolls
 d - 2 scrolls of enchant weapon
 h - a scroll of remove curse
 j - a scroll of random uselessness
 m - a scroll of teleportation
Potions
 f - 6 potions of flight
 k - 4 potions of heal wounds {unknown}
 l - 4 potions of curing
 o - a potion of berserk rage
 s - a potion of resistance {unknown}
 t - a potion of mutation {unknown}
 u - 2 potions of haste {unknown}


   Skills:
 + Level 7.0 Fighting
 + Level 10.7 Axes
 + Level 7.5 Armour
 + Level 5.0 Dodging
 + Level 1.7 Stealth


You had 8 spell levels left.
You didn't know any spells.
Your spell library was empty.

Dungeon Overview and Level Annotations

Branches:
Dungeon (7/15)             Temple (0/1) D:5

Altars:
Ashenzari
Elyvilon
Makhleb
Qazlal
Ru
Xom

Shops:
D:6 *


Innate Abilities, Weirdness & Mutations

You reflexively headbutt those who attack you in melee.
You have a pair of horns on your head.


Message History

You are too injured to fight recklessly!
You are too injured to fight recklessly!
You are too injured to fight recklessly!
A red film seems to cover your vision as you go berserk!
You feel yourself moving faster!
You feel mighty!
The two-headed ogre hits you with a cursed -3 giant club.
The two-headed ogre hits you with a +0 giant club!
You barely miss the two-headed ogre.
The two-headed ogre hits you with a cursed -3 giant club!
* * * LOW HITPOINT WARNING * * *
You block the two-headed ogre's attack.
You slice the two-headed ogre!! You freeze the two-headed ogre!
The two-headed ogre is heavily wounded.
You barely miss the two-headed ogre.
Your headbutt misses the two-headed ogre.
The two-headed ogre is heavily wounded.
The two-headed ogre hits you with a cursed -3 giant club!
* * * LOW HITPOINT WARNING * * *
The two-headed ogre hits you with a +0 giant club!
You die...

##................^....## #
.
###.........).##.......#.#.#
#.........####..#.#..#.#.#
#.#####.#.# #...........#
##... ##.#.........
....#+#+###.#.#.##....
#.......##...#....###
#..O.?..####.##......
#...@...# #.........
+..../..# #.####.###
#.......####.........
##...#......†####....
#####.......########
#.......##..###.
#######.#.#..#.. #()#.(#..#
#.#..#..#.


You could see a two-headed ogre.

Vanquished Creatures
  Maggie (D:7)
  Eustachio (D:4)
  Menkaure (D:7)
  A hornet zombie (D:6)
  3 ogres
  A sky beast (D:7)
  A necrophage (D:6)
  2 centaurs
  A phantom (D:4)
  3 big kobolds
  A howler monkey (D:5)
  3 wights (D:7)
  A hound (D:5)
  A centaur zombie (D:7)
  A gnoll shaman (D:5)
  A centaur skeleton (D:5)
  A jelly (D:7)
  3 orc wizards
  An iguana (D:4)
  Ijyb (D:3)
  8 worker ants
  A hound zombie (D:5)
  5 gnolls (D:5)
  11 adders
  2 shadow imps
  A white imp (D:7)
  2 ufetubi (D:5)
  2 adder skeletons
  3 worms (D:2)
  4 dart slugs
  7 leopard geckos
  15 orcs
  3 giant cockroaches
  6 hobgoblins
  10 jackals
  17 kobolds
  6 quokkas
  10 bats
  5 frilled lizards
  7 goblins
  A quokka zombie (D:6)
  7 rats
162 creatures vanquished.

Vanquished Creatures (others)
  An ogre (D:4)
  A hound (D:4)
  A worker ant (D:4)
  An adder (D:4)
4 creatures vanquished.

Grand Total: 166 creatures vanquished

Notes
Turn   | Place    | Note
-------+----------+-------------------------------------------
     0 | D:1      | mhtbhm the Minotaur Berserker began the quest for the Orb.
     0 | D:1      | Reached XP level 1. HP: 19/19 MP: 0/0
   313 | D:1      | Reached XP level 2. HP: 27/27 MP: 1/1
   480 | D:1      | Reached skill level 4 in Axes
   829 | D:2      | Reached XP level 3. HP: 33/33 MP: 2/2
  1050 | D:2      | Reached ** piety under Trog
  1398 | D:2      | Reached XP level 4. HP: 32/40 MP: 3/3
  1560 | D:2      | Found a sacrificial altar of Ru.
  1571 | D:2      | Found a burning altar of Makhleb.
  1761 | D:3      | Found a faded altar of an unknown god.
  1765 | D:3      | Noticed Ijyb
  1772 | D:3      | Killed Ijyb
  1875 | D:3      | Noticed an ogre
  1881 | D:3      | Killed an ogre
  1881 | D:3      | Reached skill level 5 in Axes
  1881 | D:3      | Reached XP level 5. HP: 43/47 MP: 4/4
  2406 | D:3      | Found a broken altar of Ashenzari.
  2555 | D:4      | Killed an ogre
  2623 | D:4      | Reached XP level 6. HP: 48/55 MP: 5/5
  3001 | D:4      | Reached skill level 5 in Fighting
  3001 | D:4      | Reached skill level 6 in Axes
  3015 | D:4      | Reached XP level 7. HP: 51/61 MP: 6/6
  3180 | D:4      | Found a shimmering altar of Xom.
  3207 | D:4      | Noticed Eustachio
  3244 | D:4      | Killed Eustachio
  3244 | D:4      | Reached skill level 7 in Axes
  3244 | D:4      | Reached skill level 5 in Armour
  3437 | D:5      | Entered Level 5 of the Dungeon
  3491 | D:5      | Reached skill level 1 in Stealth
  3502 | D:5      | Reached *** piety under Trog
  3613 | D:5      | Reached skill level 8 in Axes
  3646 | D:5      | Found a staircase to the Ecumenical Temple.
  3651 | D:5      | Reached XP level 8. HP: 70/70 MP: 7/7
  4302 | D:6      | Found a stormy altar of Qazlal.
  4427 | D:6      | Reached skill level 9 in Axes
  4719 | D:6      | Found Imysa's Assorted Antiques.
  5223 | D:7      | Noticed Maggie
  5238 | D:7      | Killed Maggie
  5238 | D:7      | Reached skill level 10 in Axes
  5287 | D:7      | Reached XP level 9. HP: 67/78 MP: 8/8
  5295 | D:7      | Reached skill level 5 in Dodging
  5359 | D:7      | Reached **** piety under Trog
  5374 | D:7      | Noticed Menkaure
  5379 | D:7      | Killed Menkaure
  5454 | D:7      | Found a white marble altar of Elyvilon.
  5476 | D:7      | Noticed a two-headed ogre
  5484 | D:7      | Slain by a two-headed ogre

Illustrated notes

Levels and vault maps discovered:
D:1:      dpeg_arrival_erosion, layout_loops_cross, due_unseen_surprise
D:2:      layout_basic, amethyst_overflow_temple_binary
D:3:      layout_basic, lemuel_coloured_pillars_altar,
          chequers_ecumenical_altar_simple, minmay_increasing_density, uniq_ijyb
D:4:      layout_loops_ring, xom_confusion_cloud, uniq_eustachio
D:5:      minmay_octagon_keep, layout_rooms, minmay_temple_entry_junction
D:6:      cheibrodos_thug_alley, layout_gridville, lemuel_crystal_altar,
          serial_shops, shop, minmay_misc_feat_nine_boxes, minmay_misc_feat_five
D:7:      layout_basic, marbit_many_paths, enter_bailey_2, uniq_menkaure,
          uniq_maggie

Skill      XL: |  1  2  3  4  5  6  7  8  9 |
---------------+----------------------------+-----
Axes           | 4 5 6 8 10 | 10.7
Fighting       | 4 5 6 7 |  7.0
Armour         | 3 4 5 7 |  7.5
Dodging        | 3 4 5 |  5.0
Stealth        | 1 |  1.7

Action                   |  1- 3 |  4- 6 |  7- 9 || total
-------------------------+-------+-------+-------++-------
Melee: Hand axe          |    91 |    97 |   218 ||   406
       Headbutt          |    10 |    23 |    56 ||    89
       Battleaxe         |       |       |    18 ||    18
Invok: Berserk           |       |     1 |     5 ||     6
  Use: Scroll            |       |     7 |     7 ||    14
Armor: Animal skin       |    14 |       |       ||    14
       Ring mail         |    19 |       |       ||    19
       Scale mail        |     4 |    24 |    70 ||    98
Dodge: Dodged            |    72 |    47 |   118 ||   237
Block: Other             |       |    15 |    53 ||    68
       Reflection        |       |       |     2 ||     2

Table legend: (Time is in decaauts)
 A = Elapsed time spent in this place.
 B = Non-inter-level travel time spent in this place.
 C = Inter-level travel time spent in this place.
 D = Time resting spent in this place.
 E = Time spent auto-exploring this place.
 F = Levels seen in this place.
 G = Mean time per level.
                   A        B        C        D        E       F      G
               +--------+--------+--------+--------+--------+-----+--------+
         Total |   5510 |   5510 |      0 |    262 |   3908 |   7 |  787.1 |
       Dungeon |   5510 |   5510 |      0 |    262 |   3908 |   7 |  787.1 |
               +--------+--------+--------+--------+--------+-----+--------+

Top non-repeatable levels by time:
     D:6: 959 daAuts
     D:2: 945 daAuts
     D:4: 906 daAuts
     D:1: 822 daAuts
     D:3: 785 daAuts
     D:5: 767 daAuts
     D:7: 323 daAuts
